 Dungeon Crawl Stone Soup version 0.18-a0-1390-gc02854d (webtiles) character file.

3135 M4edhros the Martial Artist (level 9, -2/63 HPs)
             Began as a Mummy Monk on Feb 23, 2016.
             Killed from afar by a steam dragon (3 damage)
             ... with a ball of steam
             ... on level 8 of the Dungeon.
             The game lasted 00:26:26 (14370 turns).

M4edhros the Martial Artist (Mummy Monk)           Turns: 14370, Time: 00:26:27

Health: -2/63      AC:  4    Str: 19    XL:     9   Next: 61%
Magic:  9/9        EV: 15    Int: 12    God:
Gold:   430        SH:  0    Dex: 17    Spells: 0 memorised, 8 levels left

rFire  x x .     SeeInvis .       - Unarmed
rCold  + . .     Gourm    .     (no armour)
rNeg   + + +     Faith    .     (no shield)
rPois  ∞         Spirit   .     (no helmet)
rElec  +         Dismiss  .     (no cloak)
rCorr  +         Reflect  .     a - +0 pair of gloves
SustAt .         Harm     .     l - +2 pair of boots
MR     +....                    (no amulet)
Stlth  ++........               q - ring of resist corrosion
                                B - ring "Riagh" {rElec rPois rF- Str+4 Int+3}

@: somewhat resistant to hostile enchantments, unstealthy
A: no food or potions, fire vulnerability, cold resistance 1, negative energy
resistance 3, torment resistance, unbreathing
a: no special abilities


You were on level 8 of the Dungeon.
You were not hungry.

You visited 1 branch of the dungeon, and saw 9 of its levels.

You collected 430 gold pieces.

Inventory:

Hand Weapons
 o - the +0 falchion of Tartarus {slice, Int+2, unknown}
   (You took it off a gnoll shaman on level 6 of the Dungeon)

   It inflicts extra damage upon your enemies.
   It affects your intelligence (+2).
Armour
 a - a +0 pair of gloves (worn)
 l - a +2 pair of boots (worn)
Jewellery
 g - an uncursed ring of sustain attributes
 q - a ring of resist corrosion (right hand)
 B - the ring "Riagh" (left hand) {rElec rPois rF- Str+4 Int+3}
   (You found it on level 9 of the Dungeon)

   [ring of intelligence]

   It affects your strength (+4).
   It affects your intelligence (+3).
   It makes you vulnerable to fire.
   It insulates you from electricity.
   It protects you from poison.
Wands
 b - a wand of paralysis (6/24)
 e - a wand of lightning (7/15)
 i - a wand of acid (9/15)
 w - a wand of flame (35/48)
 y - a wand of flame (24/48)
 D - a wand of flame (19/48)
 F - a wand of disintegration (9/24)
Scrolls
 c - 2 scrolls of enchant weapon
 d - 2 scrolls of fear
 m - 2 scrolls of remove curse
 n - a scroll of fog
 s - a scroll of immolation
 v - a scroll of blinking
 x - a scroll of vulnerability
 z - a scroll of teleportation
 C - 3 scrolls of identify
 E - a scroll of magic mapping
Books
 r - a book of Flames

   Spells                             Type                      Level
   a - Flame Tongue                   Conjuration/Fire             1
   b - Throw Flame                    Conjuration/Fire             2
   c - Conjure Flame                  Conjuration/Fire             3
   d - Inner Flame                    Hexes/Fire                   3
   e - Sticky Flame                   Conjuration/Fire             4
   f - Fireball                       Conjuration/Fire             5
 u - a book of the Warp

   Spells                             Type                      Level
   a - Recall                         Summoning/Translocation      3
   b - Gell's Gravitas                Hexes/Translocation          3
   c - Force Lance                    Conjuration/Translocation    4
   d - Warp Weapon                    Charms/Translocation         5
   e - Summon Forest                  Summoning/Translocation      5
 A - a book of Minor Magic

   Spells                             Type                      Level
   a - Magic Dart                     Conjuration                  1
   b - Blink                          Translocation                2
   c - Call Imp                       Summoning                    2
   d - Repel Missiles                 Charms/Air                   2
   e - Slow                           Hexes                        2
   f - Conjure Flame                  Conjuration/Fire             3
   g - Mephitic Cloud                 Conjuration/Poison/Air       3
Comestibles
 f - 2 royal jellies
 h - 5 bread rations
 j - 5 meat rations (quivered)
 k - 4 beef jerkies
 p - 12 fruits
 t - a slice of pizza


   Skills:
 - Level 3.0 Fighting
 + Level 5.0 Dodging
 - Level 1.5 Stealth
 - Level 10.9 Unarmed Combat


You had 8 spell levels left.
You didn't know any spells.

Dungeon Overview and Level Annotations

Branches:
Dungeon (9/15)             Temple (0/1) D:6            Lair (0/8) D:8
    Orc: D:9-12

Altars:
Gozag
Kikubaaqudgha
Pakellas
Qazlal
Ru
Vehumet
Xom
Zin

Annotations:
D:4 Grinder
D:8 nublet's ghost, novice DrTm
D:9 exclusion: 3 doors


Innate Abilities, Weirdness & Mutations

You do not eat or drink.
Your flesh is vulnerable to fire.
You are immune to poison.
Your flesh is cold resistant.
You are immune to negative energy.
You are immune to unholy pain and torment.
You can survive without breathing.


Message History

You punch the electric eel! Your punch misses the electric eel.
The electric eel is severely wounded.
You hit the electric eel.
The electric eel is almost dead.
You barely miss the electric eel.
The electric eel is almost dead.
The electric eel shoots out a bolt of lightning at you!
The bolt of electricity hits you! You resist.
You punch the electric eel!
You kill the electric eel!
You hear a splash.
The steam dragon bites you! The steam dragon claws you.
A mysterious force pulls you upwards. The hatch slams shut behind you.
Level annotation: nublet's ghost, novice DrTm The steam dragon breathes steam at you.
The ball of steam hits you! The steam scalds you terribly!
* * * LOW HITPOINT WARNING * * *
The steam dragon breathes steam at you. The ball of steam hits you!
The steam scalds you terribly!
You die...

########## #...r....#
#r######.### ######### #.#
#......#### #.......#
#.###.##.#.##D## #.#####.#
#............§§####.# #.#
#####..###...§......# #.#
#..####..@§###### #.#
#.......#.## #.#
########.#######.# #.#
#........# #.# #.# #.#####..#
##'## #######.### #.# #..#
##...## #.........# #.#####..#
##...<.###.###.###.# #.#......#
##......<##.###.###.#
#.#.#...####.........#.##...##.#


There were no monsters in sight!

Vanquished Creatures
  A yak (D:8)
  A hippogriff (D:9)
  A sky beast (D:7)
  A necrophage (D:9)
  4 ogres
  2 centaurs (D:9)
  A crocodile (D:8)
  2 big kobolds
  3 giant frogs
  A scorpion (D:6)
  5 wights (D:8)
  5 electric eels (D:9)
  A crimson imp (D:8)
  9 orc wizards
  2 orc priests (D:7)
  2 gnoll shamans (D:6)
  3 hounds
  A centaur skeleton (D:7)
  A giant frog skeleton (D:3)
  2 iguanas
  7 worker ants
  2 sheep (D:8)
  A hound zombie (D:7)
  3 hound skeletons
  A worker ant zombie (D:5)
  6 adders
  22 gnolls
  A shadow imp (D:9)
  An ooze (D:3)
  An adder zombie (D:5)
  2 adder skeletons
  3 worms
  2 dart slugs
  3 giant geckos
  30 orcs
  9 bats
  4 giant cockroaches
  5 goblins
  3 hobgoblins
  26 jackals
  4 quokkas
  2 ball pythons
  4 giant newts
  16 kobolds
  A quokka zombie (D:8)
  6 rats
213 creatures vanquished.

Vanquished Creatures (others)
  2 fungi (D:8)
  A plant (D:8)
3 creatures vanquished.

Grand Total: 216 creatures vanquished

Notes
Turn   | Place    | Note
--------------------------------------------------------------
     0 | D:1      | M4edhros the Mummy Monk began the quest for the Orb.
     0 | D:1      | Reached XP level 1. HP: 18/18 MP: 1/1
   215 | D:1      | Reached XP level 2. HP: 14/24 MP: 2/2
   961 | D:2      | Reached skill level 4 in Unarmed Combat
  1242 | D:2      | Reached XP level 3. HP: 22/29 MP: 3/3
  1592 | D:2      | Found an opulent altar of Gozag.
  2544 | D:3      | Reached XP level 4. HP: 27/35 MP: 4/4
  2703 | D:3      | Found a sacrificial altar of Ru.
  2833 | D:3      | Reached skill level 5 in Unarmed Combat
  2905 | D:3      | Found a radiant altar of Vehumet.
  3384 | D:3      | Reached XP level 5. HP: 22/41 MP: 5/5
  3635 | D:3      | Found a shimmering altar of Xom.
  3812 | D:3      | Found a stormy altar of Qazlal.
  3823 | D:3      | Found an oddly glowing altar of Pakellas.
  4672 | D:4      | Noticed Grinder
  4715 | D:4      | Reached skill level 6 in Unarmed Combat
  4844 | D:4      | Noticed an ogre
  4857 | D:4      | Reached XP level 6. HP: 22/47 MP: 6/6
  5911 | D:5      | Entered Level 5 of the Dungeon
  6354 | D:5      | Reached skill level 7 in Unarmed Combat
  6362 | D:5      | Reached XP level 7. HP: 24/52 MP: 7/7
  7079 | D:5      | Found a glowing silver altar of Zin.
  7489 | D:6      | Reached skill level 8 in Unarmed Combat
  8133 | D:6      | Noticed a wyvern
  8901 | D:5      | Reached XP level 8. HP: 36/58 MP: 8/8
  9659 | D:6      | Found a staircase to the Ecumenical Temple.
  9785 | D:7      | Reached skill level 9 in Unarmed Combat
 11047 | D:6      | Got a brightly glowing falchion {slice}
 11252 | D:7      | Reached skill level 10 in Unarmed Combat
 11339 | D:7      | Found an ancient bone altar of Kikubaaqudgha.
 11607 | D:8      | Noticed an elephant
 11607 | D:8      | Found a staircase to the Lair.
 12251 | D:8      | Reached XP level 9. HP: 27/63 MP: 9/9
 12559 | D:8      | Noticed nublet's ghost (novice DrTm)
 13150 | D:9      | Got a shimmering glass ring
 13152 | D:9      | Identified the ring "Riagh" {rElec rPois rF- Str+4 Int+3} (You found it on level 9 of the Dungeon)
 13162 | D:9      | Noticed a troll
 14118 | D:9      | Reached skill level 5 in Dodging
 14369 | D:8      | HP: 1/63 [steam dragon/ball of steam (31)]
 14370 | D:8      | Killed from afar by a steam dragon

Vault maps used:
D:1:      minmay_arrival_up_and_down
D:2:      nicolae_gozag_seed_capital
D:3:      lemuel_doored_altar, vehumet_crystals,
          amethyst_overflow_temple_binary, nrook_mini_vaults, st_stairs_12,
          lemuel_tele_altar
D:4:      uniq_grinder
D:5:      zin_statuary, first_bread, hex_medium, minivault_4, dk_vineyard_2
D:6:      minmay_temple_entry_overgrown, kennysheep_generic_room_2
D:7:      marbit_many_paths
D:8:      david_lair_generic
D:9:      overflow_temple_1_default, kennysheep_kite_vault

Skill      XL: |  1  2  3  4  5  6  7  8  9 |
---------------+----------------------------+-----
Unarmed Combat | 4 5 6 7 8 10 | 10.9
Dodging        | 5 |  5.0
Fighting       | |  3.0
Stealth        | |  1.5

Action                   |  1- 3 |  4- 6 |  7- 9 || total
-------------------------+-------+-------+-------++-------
Melee: Unarmed           |   167 |   285 |   546 ||   998
  Use: Scroll            |     6 |     5 |     4 ||    15
 Stab: Sleeping          |     3 |     6 |     3 ||    12
       Distracted        |       |     2 |     3 ||     5
